cohdb
Replays
Latest Replays
All Replays
Popular Replays
Top Player Replays
Match Explorer
How It Works
Community
CoH3 Stats
Reddit
Sign in to upload your games and track your stats! →
Sign in with Steam
Match 40100192
Unlisted
Match 40100192
Overview
Messages
Build Orders
End
Construct Infanterie Kompanie
Grenadier Squad
Grenadier Squad
MG 42 Machine Gun Team
GrW 34 Mortar Team
Construct Panzergrenadier Kompanie
251 Medium Carrier
Pioneer Squad
Pak 40 Anti-tank Gun Team
Panzergrenadier Squad
Selects Mechanized Battlegroup
Selects Raid Package
Selects StuG Assault Group
StuG Assault Group
Construct Panzer Kompanie
Selects Mobile Repair Stations
Selects Stoßtruppen Assault Package
Panzer IV Medium Tank
Starsky
Viktor
Bighazelnut
Rihhno
Nasté
ρ=ρca(t)3Ω
0
0
Comments
sign in to comment!
No comments posted yet!